 Dungeon Crawl Stone Soup version 0.31-a0-889-g1a8549509d (webtiles) character file.

Game seed: 6494078184841903151

1775764 MackTheKnife the Fetichist (level 25, 231/231 HPs)
             Began as a Purple Draconian Gladiator on Oct 16, 2023.
             Was a High Priest of Trog.
             Escaped with the Orb
             ... and 3 runes!
             The game lasted 01:48:25 (60265 turns).

MackTheKnife the Fetichist (DrGl)                  Turns: 60265, Time: 01:48:25

Health: 231/231    AC: 20    Str: 33    XL:     25   Next: 97%
Magic:  18/18      EV: 21    Int: 11    God:    Trog [*****.]
Gold:   4075       SH: 34    Dex: 19    Spells: 24/24 levels left

rFire   + + .        v - +8 broad axe (heavy) {axe}
rCold   . . .        p - +18 shield of the Gong {Loud rN+ Will+ rCorr EV-5}
rNeg    + + .        (body armour unavailable)
rPois   +            Z - +2 hat
rElec   +            U - scarf "Qoisaur" {repulsion, rF+ Int+3 Dex+3}
rCorr   +            c - +2 pair of gloves {Str+3}
SInv    +            K - +2 pair of boots {Fly}
Will    ++++.        f - amulet "Aciyl" {rPois Regen+}
Stlth   +            a - ring of Nimiung {Drain rElec rF+ Str+6 Dex+2 Stlth-, =R}
HPRegen 1.38/turn    y - ring of Heily {rC+ rN+ SInv}
MPRegen 0.16/turn

%: repel missiles
@: maw-form, flying, studying Unarmed Combat
A: devouring maw, breathe power, AC +12, unfitting armour, cold-blooded, clumsy
1, dopey 1, low MP 2, inhibited regeneration, cold vulnerability 1, inability to
read after injury 1, MP-powered wands
0: Orb of Zot
}: 3/15 runes: serpentine, barnacled, silver
a: Breathe Dispelling Energy, Begin Untransformation, Renounce Religion,
Berserk, Trog's Hand, Brothers in Arms


You escaped.
You worshipped Trog.
Trog was extremely pleased with you.
You were a creature with a mouth for a stomach.
You visited 10 branches of the dungeon, and saw 48 of its levels.
You visited the Abyss 1 time.
You visited 1 bazaar.
You also visited: Ice Cave, Volcano and Desolation.

You collected 7866 gold pieces.
You spent 3791 gold pieces at shops.


Innate Abilities, Weirdness & Mutations

You are a creature with a mouth for a stomach.
Your midsection houses a second, enormous mouth.
You can breathe bolts of dispelling energy.
Your rich purple scales are hard. (AC +12)
You cannot fit into any form of body armour.
You are cold-blooded and may be slowed by cold attacks.
You are clumsy. (Dex -2)
You are dopey. (Int -2)
Your magical capacity is very low. (-20% MP)
You do not regenerate when monsters are visible.
You are vulnerable to cold. (rC-)
You occasionally lose the ability to read scrolls when taking damage.
You expend magic power (3 MP) to strengthen your wands.


   Skills:
 - Level 20.0 Fighting
 - Level 20.0 Axes
 - Level 2.0 Throwing
 - Level 20.0 Dodging
 - Level 20.0 Shields
 + Level 20.2 Evocations
 - Level 20.1 Shapeshifting


You had 24 spell levels left.
You didn't know any spells.
Your spell library contained the following spells:

 Spells                   Type           Power      Damage    Failure   Level
 Lesser Beckoning         Tloc           0%         N/A       54%         2
 Gell's Gravitas          Tloc           0%         N/A       77%         3
 Teleport Other           Tloc           0%         N/A       77%         3
 Tukima's Dance           Hex            0%         N/A       77%         3
 Volatile Blastmotes      Fire/Tloc      0%         2d10      77%         3
 Fulminant Prism          Conj/Hex       0%         3d5       99%         4
 Iskenderun's Mystic Bla  Conj/Tloc      0%         2d3       99%         4
 Passage of Golubria      Tloc           0%         N/A       99%         4
 Yara's Violent Unravell  Hex/Tmut       0%         3d3       100%        5

Inventory:

Hand Weapons
 l - a +6 antimagic broad axe {axe}
   (Trog gifted it to you on level 2 of the Vaults)
 v - a +8 heavy broad axe (weapon) {axe}
   (Trog gifted it to you on level 11 of the Dungeon)
 W - a +5 broad axe of flaming {axe}
   (Trog gifted it to you on level 2 of the Shoals)
Missiles
 g - 2 throwing nets {=f!fthrowing}
Armour
 c - a +2 pair of gloves of strength (worn)
   (You found it on level 3 of the Elven Halls)
 p - the +18 shield of the Gong (worn) {Loud rN+ Will+ rCorr EV-5}
   (You found it on level 7 of the Dungeon)

   Loud:      It is deafeningly noisy when blocking attacks.
   EV-5:      It affects your evasion (-5).
   rN+:       It protects you from negative energy.
   Will+:     It increases your willpower.
   rCorr:     It protects you from acid and corrosion.
 K - a +2 pair of boots of flying (worn)
   (You found it in a volcano)
 U - the scarf "Qoisaur" (worn) {repulsion, rF+ Int+3 Dex+3}
   (You bought it in a shop on level 3 of the Snake Pit)

   Int+3:     It affects your intelligence (+3).
   Dex+3:     It affects your dexterity (+3).
   rF+:       It protects you from fire.
 Z - a +2 hat (worn)
   (You found it on level 1 of the Vaults)
Jewellery
 a - the ring of Nimiung (left hand) {Drain rElec rF+ Str+6 Dex+2 Stlth-, =R}
   (You bought it in a shop on level 2 of the Orcish Mines)

   [ring of protection from fire]

   Str+6:     It affects your strength (+6).
   Dex+2:     It affects your dexterity (+2).
   rF+:       It protects you from fire.
   rElec:     It insulates you from electricity.
   Drain:     It drains your maximum health when unequipped.
   Stlth-:    It makes you less stealthy.
 f - the amulet "Aciyl" (around neck) {rPois Regen+}
   (You took it off a deep elf sorcerer on level 3 of the Elven Halls)

   [amulet of regeneration]

   rPois:     It protects you from poison Regen+: It increases your rate of
   health regeneration.
 y - the ring of Heily (right hand) {rC+ rN+ SInv}
   (You found it in the Desolation of Salt)

   [ring of see invisible]

   rC+:       It protects you from cold.
   rN+:       It protects you from negative energy.
   SInv:      It lets you see invisible.
Talismans
 O - a maw talisman (active)
   (You found it on level 3 of the Snake Pit)
Wands
 b - a wand of charming (26)
   (You found it on level 2 of the Vaults)
 j - a wand of mindburst (6)
   (You found it on level 3 of the Elven Halls)
 m - a wand of digging (1)
   (You found it on level 4 of the Dungeon)
 o - a wand of roots (40)
   (You found it on level 10 of the Dungeon)
 w - a wand of polymorph (21)
   (You found it in an ice cave)
 D - a wand of acid (14)
   (You found it on level 2 of the Vaults)
 X - a wand of flame (54)
   (You found it on level 1 of the Vaults)
Scrolls
 d - 2 scrolls of summoning
 i - 4 scrolls of fear
 q - 5 scrolls of silence {!r}
 s - 2 scrolls of revelation
 x - 5 scrolls of poison {!r}
 A - 3 scrolls of immolation {!r!r}
 E - 2 scrolls of blinking {!r}
 P - 4 scrolls of enchant armour
 R - 6 scrolls of vulnerability {!r!r}
 S - 10 scrolls of teleportation {@r4}
Potions
 h - 16 potions of curing {@q1}
 k - 3 potions of cancellation
 n - 10 potions of might
 u - 9 potions of attraction {!q}
 B - 5 potions of ambrosia
 C - 5 potions of enlightenment
 F - 3 potions of haste {@q3}
 G - 3 potions of resistance
 I - 3 potions of magic
 M - 9 potions of heal wounds {@q2}
 N - 5 potions of invisibility
 T - 3 potions of berserk rage {!q}
Miscellaneous
 r - a tin of tremorstones (2/2) {throwing}
   (You found it in the Desolation of Salt)
 J - a phantom mirror
   (You found it on level 4 of the Shoals)
 L - a lightning rod (4/4)
   (You found it on level 4 of the Shoals)
 Q - a sack of spiders
   (You found it in the Desolation of Salt)

Dungeon Overview and Level Annotations

Branches:
Dungeon (15/15)            Temple (1/1) D:5            Lair (5/5) D:9
 Shoals (4/4) Lair:2        Snake (4/4) Lair:3        Slime (0/5) Lair:5
    Orc (2/2) D:10            Elf (3/3) Orc:2        Vaults (5/5) D:14
  Crypt (0/3) Vaults:2     Depths (4/4) D:15            Zot (5/5) Depths:4
  IceCv (visited)         Volcano (visited)         Desolation (visited)

Altars:
Ashenzari
Cheibriados
Dithmenos
Elyvilon
Fedhas
Gozag
Hepliaklqana
Kikubaaqudgha
Makhleb
Nemelex Xobeh
Okawaru
Qazlal
Ru
Sif Muna
Trog
Uskayaw
Vehumet
Wu Jian
Xom
Yredelemnul
Zin
The Shining One
Jiyva
Lugonu

Shops:
D:11 *   Orc:2 [?=:   Elf:3 :   Shoals:2 =   Shoals:3 *   Snake:1 =   Snake:3 *
Snake:4 *   Vaults:2 (   Vaults:3 ?   Vaults:4 [   Depths:1 *

Portals:
Hell: Depths:1 Depths:2 Depths:3 Depths:4
Abyss: Shoals:1 Depths:3 Depths:4
Pandemonium: Depths:1 Depths:2

Annotations:
D:3 exclusions: orc priest and 1 more exclusion
D:6 2 exclusions
Lair:5 exclusion: obsidian statue
Shoals:1 1 runed translucent door
Elf:2 3 runed translucent doors, Norris
Depths:1 6 transporters
Depths:2 exclusions: floating eye, shining eye and 2 more exclusions
Zot:5 exclusion: 3 upstairs

#####################
≈≈≈≈≈≈≈≈≈≈≈≈≈≈≈≈≈≈≈≈≈
♣≈≈≈≈≈≈≈≈≈≈≈≈≈≈≈≈≈≈
♣≈≈≈≈≈≈≈~~~≈≈≈≈≈≈≈≈
######
♣♣♣..~~..~~~≈≈≈≈≈≈
.....#
♣...........≈≈≈≈≈≈
####.#
♣............~≈≈≈≈ #
#.#
♣P............~≈≈≈
##.##
♣W♣....4♣.P....≈≈≈
#.†.#
♣♣♣♣..........~~≈≈
#.#.# ♣.P.P♣......~~≈
###.#.####
######♣.....~≈≈
....#....# #P....~≈~≈
.#######.# #.......≈≈
....#...)# #P.....~≈≈
##..#.#### #♣4...~≈≈≈
#..#.# #♣....~≈≈≈


There were no monsters in sight!


Message History

Unknown command.
The orange demon screeches!
The cacodemon gestures at you.
Strange energies course through your body.
You feel vulnerable to cold.
The orange demon stings you but does no damage.
You block the cacodemon's attack.
GONNNNG!
You block the cacodemon's attack.
SHROANNG!
You block the orange demon's attack.
BOUMMMMG!
The orange demon misses you.
You slice the cacodemon!!
Your tail-slap misses the cacodemon.
You bite the cacodemon!!! You slash the orange demon!
The cacodemon gestures at you.
Strange energies course through your body.
Your regeneration stops near monsters.
You block the orange demon's attack.
BOUMMMMG!
You block the orange demon's attack.
SHROANNG!
You slice the cacodemon!!
Your tail-slap misses the cacodemon.
You bite the cacodemon! You slice the orange demon!!
The cacodemon gestures at you. The bolt of energy misses you.
The orange demon stings you. You block the orange demon's attack.
GONNNNG! 😕 HP[-5]
You take 5 damage, and now have 226/231 hp.
You carve the cacodemon like a ham!!!
You kill the cacodemon!
Trog accepts your kill.
You hit the orange demon.
You kill the orange demon!
Trog accepts your kill. 😕 HP[+1] No target in view!
No target in view!
What level of the Dungeon? (default 1, ? - help)
There is a stone staircase leading up here.
You fly upwards.
There is a stone staircase leading down here.
There is a stone staircase leading up here.
You fly upwards.
There is a stone staircase leading down here.
A lorocyproca comes into view. 😎 HP[+4]
Your hp is fully restored (231).
You block the lorocyproca's attack.
GONNNNG!
You slice the lorocyproca!!
You tail-slap the lorocyproca, but do no damage.
You bite the lorocyproca, but do no damage.
You block the lorocyproca's attack.
GONNNNG!
You cut the lorocyproca into ribbons!!! You bite the lorocyproca!
You kill the lorocyproca!
Trog accepts your kill.
No target in view!
There is a stone staircase leading up here.
You fly upwards.
There is a stone staircase leading down here.
You see here a +0 giant spiked club {mace}.
There is a stone staircase leading up here.
You fly upwards.
There is a stone staircase leading down here.
There is a stone staircase leading up here.
You fly upwards.
There is a stone staircase leading down here.
There is a stone staircase leading up here.
You fly upwards.
There is a stone staircase leading down here.
There is a stone staircase leading up, spattered with blood here.
You fly upwards.
Level annotation: 2 exclusions
There is a stone staircase leading down here.
There is a stone staircase leading up here.
You fly upwards.
There is a stone staircase leading down here.
There is a stone staircase leading up here.
You fly upwards.
There is a stone staircase leading down here.
There is a stone staircase leading up here.
You fly upwards.
Level annotation: exclusions: orc priest and 1 more exclusion
There is a stone staircase leading down here.
There is an open door here.
There is an open door here.
There is a stone staircase leading up here.
You fly upwards.
There is a stone staircase leading down here.
You see here a +0 leather armour.
There is a stone staircase leading up here.
You fly upwards.
There is a stone staircase leading down here.
An ice devil comes into view.
There is an open gate here.
There is a staircase leading out of the dungeon here.
You have escaped!

Skill      XL: |  1  2  3  4  5  6  7  8  9 10 11 12 13 14 15 16 17 18 19 20 21 22 23 24 25 |
---------------+----------------------------------------------------------------------------+-----
Axes           | 4 5 6 8 9 10 12 14 15 17 18 20 | 20.0
Fighting       | 4 7 9 10 11 13 17 18 19 20 | 20.0
Shields        | 8 10 11 13 14 17 18 19 20 | 20.0
Evocations     | 2 8 10 13 20 | 20.2
Dodging        | 5 8 11 12 16 17 20 | 20.0
Shapeshifting  | 9 10 14 17 20 | 20.1
Throwing       | 2 |  2.0

Action                     |  1- 3 |  4- 6 |  7- 9 | 10-12 | 13-15 | 16-18 | 19-21 | 22-24 | 25-27 || total
---------------------------+-------+-------+-------+-------+-------+-------+-------+-------+-------++-------
  Melee: War axe           |   150 |    90 |   298 |   701 |   930 |       |       |       |       ||  2169
         Tailslap          |    10 |    20 |    44 |   123 |   294 |   217 |   245 |   248 |    42 ||  1243
         Punch             |     1 |     1 |     8 |       |       |       |       |       |       ||    10
         Mace              |       |       |       |       |     6 |       |       |       |       ||     6
         Flail             |       |       |       |       |    13 |       |       |       |       ||    13
         Broad axe         |       |       |       |       |   297 |  1113 |  1136 |  1036 |   270 ||  3852
         Maw               |       |       |       |       |       |   121 |   430 |   426 |   101 ||  1078
  Throw: Dart              |       |       |     4 |    62 |    67 |       |       |       |       ||   133
         Throwing net      |       |       |     2 |     2 |       |     1 |       |       |       ||     5
 Invoke: Berserk           |       |       |     1 |     6 |     3 |     5 |     2 |     2 |     2 ||    21
         Brothers in Arms  |       |       |       |     2 |       |    11 |     2 |     5 |     3 ||    23
         Trog's Hand       |       |       |       |     1 |       |    10 |     3 |     5 |     3 ||    22
Ability: Breathe Dispellin |       |       |    28 |    19 |    15 |     4 |       |       |       ||    66
  Evoke: Wand              |       |     8 |    24 |    28 |    19 |     2 |     2 |     5 |     2 ||    90
         Tin of tremorston |       |       |       |       |       |       |       |     1 |       ||     1
         Sack of spiders   |       |       |       |       |       |       |       |       |     1 ||     1
         Phantom mirror    |       |       |       |       |       |       |       |       |     1 ||     1
    Use: Scroll            |       |     7 |     8 |     8 |    11 |    23 |     5 |    11 |     8 ||    81
         Potion            |       |       |     1 |     1 |     1 |       |     7 |     7 |    30 ||    47
   Stab: Sleeping          |     3 |     1 |     1 |       |       |       |       |       |       ||     5
         Held in net/web   |       |       |       |     1 |       |     1 |       |       |       ||     2
         Distracted        |       |       |       |       |     1 |     5 |     2 |     3 |       ||    11
         Invisible         |       |       |       |       |       |       |       |       |     2 ||     2
 Armour: Skin              |    82 |    55 |   290 |   243 |   385 |   387 |   204 |   489 |   160 ||  2295
  Dodge: Dodged            |   113 |    48 |   236 |    66 |   103 |   338 |   491 |   766 |    99 ||  2260
         Repelled          |       |       |       |       |       |    13 |    13 |    28 |    10 ||    64
  Block: Kite shield       |       |       |       |   838 |  1463 |  1766 |  1487 |  1788 |   322 ||  7664
         Reflection        |       |       |       |       |       |    44 |    13 |       |       ||    57
   Form: Maw               |       |       |       |       |       |     1 |       |       |       ||     1

Levels and vault maps discovered:
D:1:      kennysheep_arrival_seaside, layout_loops_cross,
          nicolae_ecumenical_lake_church
D:2:      layout_basic, basic_altar
D:3:      layout_basic, minitemple, mainiacjoe_overflow_24_doors, hex_tiny,
          minmay_gold_behind_fungi
D:4:      layout_basic, tgw_sif
D:5:      layout_loops_ring, minmay_temple_entry_mini_moons, minmay_holes,
          nicolae_wormholes
D:6:      kennysheep_windowed_halls, layout_basic, marbit_many_paths,
          nicolae_kikubaaqudgha_miasma_corner, minmay_misc_feat_ornament,
          serial_bayou_pond_c, kennysheep_crisscross
D:7:      layout_basic, st_stairs_10, chequers_garden,
          hellmonk_guarded_unrand_gong
D:8:      layout_layer_cave, serial_demonic, serial_demonic_e, serial_demonic_e,
          serial_demonic_a, serial_demonic_g, serial_demonic_a,
          serial_demonic_f, serial_demonic_d, serial_demonic_f,
          serial_demonic_b, serial_demonic_g, special_room [special_room_orc],
          chequers_serial_rivers_micro_c
D:9:      layout_cave_pools, okawaru_altar_gauntlet_db, lair_entry_dummy,
          serial_ice, serial_ice_c, serial_ice_o, serial_ice_a, serial_ice_d,
          serial_ice_b, serial_ice_g, serial_ice_m, serial_ice_i, serial_ice_n,
          serial_ice_e, dk_noncrumbling_4, hangedman_decor_diamond_cutter,
          uniq_prince_ribbit1
D:10:     layout_basic, yredelemnul_altar_generic, orc_0_dummy
D:11:     layout_basic, serial_ice, serial_ice_h, serial_ice_l, serial_ice_g,
          serial_ice_b, portal_ice_cave_demonic_guard, nicolae_island_escapes
D:12:     layout_roguey, special_room [special_room_bee], uniq_snorg
D:13:     layout_loops_corners
D:14:     layout_roguey, hellmonk_vaults_order_and_chaos, ashenzari_altar_1
D:15:     grunt_enter_depths_giant_problem, layout_loops_cross,
          kennysheep_slug_shrine, uniq_louise
Temple:   hellmonk_temple_micro_hex
Lair:1:   layout_chaotic_city
Lair:2:   layout_concentric_octagons, elwin_shoals_entry_rocks
Lair:3:   nzn_winding_woodlands_large [nzn_winding_woodlands_5x5_perimeter,
          nzn_winding_woodlands_5x15_river_crossing,
          nzn_winding_woodlands_5x5_cross,
          nzn_winding_woodlands_center_pierced_h,
          nzn_winding_woodlands_15x15_boxy_spiral,
          nzn_winding_woodlands_center_diamonds,
          nzn_winding_woodlands_5x5_checkerboard,
          nzn_winding_woodlands_5x15_default, nzn_winding_woodlands_hourglass],
          layout_gridlike, minmay_snake_entry_spellcaster
Lair:4:   layout_misc_corridors, enter_volcano_3, st_stairs_7,
          grunt_megastairs_2, infiniplex_staircase_pool_2, serial_bayou_shore_a,
          uniq_urug
Lair:5:   due_jungle_book, layout_loops_ring, dpeg_slime_entry_enclosed,
          grunt_megastairs_5, serial_bayou_shore_b
Shoals:1: layout_shoals, nicolae_shoals_abyss_on_the_beach
Shoals:2: layout_shoals, nicolae_shop_unique_rings
Shoals:3: layout_shoals, serial_shops, nicolae_shop_gibbet_a_chance,
          nicolae_shoals_wave_tunnel, uniq_bai_suzhen
Shoals:4: shoals_end_simple, layout_shoals, lemuel_oklob_altar
Snake:1:  layout_misc_corridors, serial_shops, shop, uniq_agnes
Snake:2:  layout_basic
Snake:3:  layout_layer_cave, nicolae_shop_sticking_my_neck_out
Snake:4:  minmay_snake_end_coiled, layout_onion, serial_shops,
          nicolae_shop_crystal, special_room, nicolae_twisty_statue_hallways,
          serial_bayou_shore_b, uniq_mlioglotl, uniq_nikola, uniq_aizul
Orc:1:    minmay_goldmine, layout_diamond_mine, mines2_david
Orc:2:    st_orc_rangers, layout_caves, uniq_donald, uniq_nessos
Elf:1:    eino_elf_arrival_the_gate, layout_loops_corners, serial_shops,
          bzr_entry_gold, evilmike_minifort
Elf:2:    nicolae_elf_blades_splatter_lattice
          [nicolae_blade_entry_hurt_lockers], layout_rooms,
          nicolae_elevator_lobby_plus, uniq_norris, uniq_jorgrun
Elf:3:    minmay_elf_hall_spiked, layout_loops_ring,
          nicolae_shop_i_like_small_books_too
Vaults:1: minmay_guarded_unrand_guard_vaults, vaults_room_pool,
          dpeg_vaults_monster_row, nicolae_vaults_octothorpe,
          ontoclasm_vaults_fault, nicolae_vaults_house_2,
          vaults_mumra_minichess_inversion, nicolae_vaults_trapezoid_3,
          nicolae_vaults_double_plus_1, layout_vaults_quadrants
Vaults:2: portal_desolation_entry_nicolae_forbidding_blocks, grunt_vaults_swirl,
          v_pattern_3, vaults_dpeg_cross, nicolae_vaults_shelves_hall,
          nicolae_vaults_mini_display_case, nicolae_vaults_house_2,
          nicolae_vaults_little_squares_2, minmay_crypt_entry_skeletal_spiral,
          nicolae_vaults_double_plus_2, v_rooms_3, v_alt_pattern_2,
          layout_vaults_maze_bifur, serial_shops, shop
Vaults:3: ebering_ghost_disaster_area, nicolae_vaults_stairing_the_circle,
          v_misc_15, nicolae_vaults_network_square, grunt_vaults_hallway_long,
          v_misc_5, nicolae_vaults_spaceships, v_pattern_2,
          hangedman_vaults_snaps, vaults_dpeg_hooks, nicolae_vaults_rhombus_5,
          layout_vaults_ring, serial_shops, nicolae_shop_drivethru, uniq_mennas,
          uniq_saint_roka, uniq_xtahua
Vaults:4: v_misc_22, ontoclasm_vaults_twist, vaults_dpeg_doors, v_alt_pattern_3,
          grunt_vaults_hallway_long, nicolae_vaults_offset_grid_hallway_4,
          nicolae_vaults_little_squares_3, v_alt_pattern_6, vaults_room_pool,
          ontoclasm_vaults_decontamination, v_misc_30, vaults_room_pool,
          v_alt_pattern_1, nicolae_vaults_more_shelving_2,
          nicolae_vaults_surprise_closet, layout_vaults_omnicross, serial_shops,
          shop
Vaults:5: serial_shops
Depths:1: layout_gridlike, grunt_mini_vestibule, pan_entry, grunt_ministairs_6,
          nicolae_alphabet_shops, serial_nicolae_subway,
          nicolae_sub_station_crystal, nicolae_sub_station_metal,
          nicolae_sub_station_stone
Depths:2: mu_elephants_graveyard, layout_gridlike, enter_ziggurat_d,
          serial_bayou, serial_bayou_shore_b, serial_bayou_lagoon_a,
          serial_bayou_pond_d, serial_bayou_crossing, rand_demon_pan_entry_9,
          lemuel_statue_altar, pf_hell_entry_tar_spiral
Depths:3: minmay_angry_zag, layout_basic, abyss_entry_flame_altar, hell_entry,
          kennysheep_random_hallway
Depths:4: grunt_runaround [grunt_runaround_doors_1, grunt_runaround_doors_2,
          grunt_runaround_doors_3, grunt_runaround_doors_4,
          grunt_runaround_zot], hell_entry, abyss_entry
Zot:1:    layout_cathedral_of_symmetry, lemuel_baited_zot_trap,
          grunt_megastairs_1
Zot:2:    layout_gridlike, hellmonk_body_bag, grunt_megastairs_3
Zot:3:    layout_basic, uniq_parghit
Zot:4:    layout_misc_corridors
Zot:5:    layout_basic, guppyfry_library_mini

Notes
Turn   | Place    | Note
-------+----------+-------------------------------------------
     0 | D:1      | MackTheKnife the Draconian Gladiator began the quest for
                  | the Orb.
     0 | D:1      | Reached XP level 1. HP: 17/17 MP: 1/1
     0 | D:1      | magus.rc [v1.9.6]
   128 | D:1      | Reached XP level 2. HP: 20/24 MP: 2/2
   276 | D:1      | Reached skill level 4 in Axes
   425 | D:1      | You pick up a book of Blasting and begin reading...
   425 | D:1      | You add the spells Volatile Blastmotes, Fulminant Prism and
                  | Iskenderun's Mystic Blast to your library.
   620 | D:1      | Found a faded altar of an unknown god.
   886 | D:2      | Found an ornate altar of the Wu Jian Council.
   930 | D:2      | Reached XP level 3. HP: 29/29 MP: 3/3
  1844 | D:3      | Found a burning altar of Makhleb.
  1845 | D:3      | Found a broken altar of Ashenzari.
  1846 | D:3      | Found a blossoming altar of Fedhas.
  1846 | D:3      | Found a hazy altar of Hepliaklqana.
  1847 | D:3      | Found a glowing silver altar of Zin.
  1848 | D:3      | Found an opulent altar of Gozag.
  2217 | D:3      | Reached XP level 4. HP: 29/36 MP: 4/4
  2358 | D:3      | Found an ornate altar of the Wu Jian Council.
  2416 | D:3      | Reached skill level 5 in Axes
  2900 | D:4      | Found a shimmering blue altar of Sif Muna.
  3584 | D:5      | Entered Level 5 of the Dungeon
  3921 | D:5      | Reached XP level 5. HP: 25/41 MP: 5/5
  3982 | D:5      | Found a staircase to the Ecumenical Temple.
  3992 | Temple   | Entered the Ecumenical Temple
  4075 | D:5      | Reached skill level 6 in Axes
  4463 | D:6      | Reached XP level 6. HP: 48/48 MP: 6/6
  4503 | D:6      | Reached skill level 7 in Axes
  4620 | D:6      | Noticed an orc warrior
  4654 | Temple   | Became a worshipper of Trog the Wrathful
  4841 | D:6      | You pick up a book of Displacement {forbidden} and begin
                  | reading...
  4841 | D:6      | You add the spells Lesser Beckoning, Gell's Gravitas and
                  | Teleport Other to your library.
  4979 | D:6      | Killed an orc warrior
  4980 | D:6      | Reached skill level 8 in Axes
  4980 | D:6      | Your scales start taking on a rich purple colour.
  4980 | D:6      | Reached XP level 7. HP: 44/55 MP: 7/7
  5341 | D:6      | Found an ancient bone altar of Kikubaaqudgha.
  5425 | D:6      | Found a shadowy altar of Dithmenos.
  5723 | D:7      | Noticed a wyvern
  5735 | D:7      | Killed a wyvern
  5736 | D:7      | Reached skill level 3 in Fighting
  5845 | D:7      | Reached skill level 9 in Axes
  5972 | D:7      | Noticed a vault sentinel
  5972 | D:7      | Noticed a vault sentinel
  6212 | D:7      | Noticed a steam dragon
  6218 | D:7      | Killed a steam dragon
  6219 | D:7      | Reached skill level 4 in Fighting
  6219 | D:7      | Reached XP level 8. HP: 41/67 MP: 8/8
  6422 | D:7      | Reached skill level 5 in Fighting
  6745 | D:7      | Reached * piety under Trog
  6949 | D:7      | Reached skill level 10 in Axes
  6954 | D:7      | Reached skill level 6 in Fighting
  8499 | D:8      | Reached skill level 7 in Fighting
  8499 | D:8      | Reached XP level 9. HP: 74/79 MP: 9/9
  8518 | D:8      | Reached ** piety under Trog
  9099 | D:9      | Noticed a two-headed ogre
  9126 | D:8      | HP: 15/79 [wolf (8)]
  9372 | D:9      | Reached skill level 11 in Axes
  9399 | D:9      | Killed a two-headed ogre
  9400 | D:9      | Reached skill level 8 in Fighting
  9552 | D:9      | Identified the +0 ring mail of the Gnashing Gods {Stlth+}
  9607 | D:9      | Noticed a kobold demonologist
  9607 | D:9      | Noticed a kobold demonologist
  9610 | D:9      | Noticed a hellwing
  9611 | D:9      | Noticed an orange demon
  9620 | D:9      | Killed a kobold demonologist
  9620 | D:9      | Reached *** piety under Trog
  9621 | D:9      | Reached skill level 9 in Fighting
  9634 | D:9      | Killed a kobold demonologist
  9882 | D:9      | Reached skill level 12 in Axes
  9882 | D:9      | Reached XP level 10. HP: 63/92 MP: 10/10
 10010 | D:9      | Noticed a manticore
 10291 | D:7      | Killed a vault sentinel
 10292 | D:7      | Reached skill level 10 in Fighting
 10292 | D:7      | Reached skill level 2 in Shields
 10305 | D:7      | Killed a vault sentinel
 10494 | D:7      | Found the +18 shield of the Gong {Loud rN+ Will+ rCorr
                  | EV-5}
 10927 | D:9      | Reached skill level 3 in Shields
 11072 | D:9      | Found an iron altar of Okawaru.
 11102 | D:9      | Noticed a two-headed ogre
 11115 | D:9      | Killed a two-headed ogre
 11116 | D:9      | Reached skill level 5 in Shields
 11377 | D:9      | Killed a manticore
 11378 | D:9      | Reached skill level 6 in Shields
 11415 | D:9      | Noticed Prince Ribbit
 11437 | D:9      | Killed Prince Ribbit
 11438 | D:9      | Reached skill level 7 in Shields
 11537 | D:9      | You add the spells Tukima's Dance, Passage of Golubria and
                  | Yara's Violent Unravelling to your library.
 11564 | D:9      | Found a staircase to the Lair.
 11891 | D:10     | Entered Level 10 of the Dungeon
 11927 | D:10     | Found a staircase to the Orcish Mines.
 11952 | D:10     | Found a basalt altar of Yredelemnul.
 12109 | D:10     | Reached skill level 8 in Shields
 12288 | D:10     | You pick up a book of Displacement {forbidden} and begin
                  | reading...
 12600 | D:10     | Reached XP level 11. HP: 83/100 MP: 7/11
 12799 | Lair:1   | Entered Level 1 of the Lair of Beasts
 12892 | Lair:1   | Reached **** piety under Trog
 12893 | Lair:1   | Reached skill level 9 in Shields
 13681 | Lair:2   | Reached skill level 10 in Shields
 13856 | Lair:2   | Reached skill level 13 in Axes
 13920 | Lair:2   | Found a staircase to the Shoals.
 14587 | Lair:2   | magus.rc [v1.9.6]
 14658 | Lair:2   | Reached skill level 14 in Axes
 14722 | Lair:3   | Noticed a five-headed hydra
 14816 | Lair:3   | Reached skill level 1 in Evocations
 14865 | Lair:3   | Reached skill level 2 in Evocations
 14865 | Lair:3   | Reached XP level 12. HP: 85/106 MP: 12/12
 15223 | Lair:3   | Reached skill level 3 in Evocations
 15313 | Lair:3   | Reached skill level 4 in Evocations
 15351 | Lair:3   | Noticed an eight-headed hydra
 15391 | Lair:3   | Found a staircase to the Snake Pit.
 15477 | Lair:3   | Noticed a boulder beetle
 15512 | Lair:3   | Killed a boulder beetle
 15513 | Lair:3   | Reached skill level 5 in Evocations
 15540 | Lair:3   | Noticed a boulder beetle
 15561 | Lair:3   | Killed a boulder beetle
 15562 | Lair:3   | Reached skill level 6 in Evocations
 15595 | Lair:3   | Killed a five-headed hydra
 15846 | Lair:3   | Noticed a seven-headed hydra
 15853 | Lair:3   | Killed a seven-headed hydra
 15854 | Lair:3   | Reached skill level 7 in Evocations
 15875 | Lair:3   | Reached skill level 8 in Evocations
 15999 | Lair:3   | Noticed a seven-headed hydra
 16010 | Lair:3   | Killed a seven-headed hydra
 16038 | Lair:3   | Killed an eight-headed hydra
 16162 | Lair:3   | Noticed a death yak
 16186 | Lair:3   | Killed a death yak
 16186 | Lair:3   | Reached ***** piety under Trog
 16232 | Lair:3   | Noticed a boulder beetle
 16232 | Lair:3   | Noticed a six-headed hydra
 16410 | Lair:4   | Noticed Urug
 16520 | Lair:4   | Urug changed into Urug the tarantella
 16520 | Lair:4   | Noticed Urug
 16526 | Lair:4   | Killed Urug the tarantella
 16562 | Lair:3   | Reached skill level 15 in Axes
 16610 | Lair:4   | Noticed an eight-headed hydra
 16734 | Lair:4   | Reached skill level 11 in Shields
 16757 | Lair:4   | Found a dark tunnel.
 16795 | Volcano  | Entered a volcano
 16815 | Volcano  | Noticed a two-headed ogre
 16816 | Volcano  | Noticed a two-headed ogre
 16817 | Volcano  | Noticed a two-headed ogre
 16854 | Volcano  | Noticed an ogre mage
 16863 | Volcano  | Noticed a two-headed ogre
 16867 | Volcano  | Noticed a two-headed ogre
 16870 | Volcano  | Killed a two-headed ogre
 16874 | Volcano  | Killed a two-headed ogre
 16877 | Volcano  | Killed a two-headed ogre
 16898 | Volcano  | Killed an ogre mage
 16898 | Volcano  | Noticed a red draconian
 16899 | Volcano  | Reached XP level 13. HP: 113/113 MP: 13/13
 16955 | Volcano  | Killed a red draconian
 17010 | Volcano  | Found a burning altar of Makhleb.
 17527 | Lair:4   | Reached skill level 12 in Shields
 18185 | Lair:3   | Reached skill level 16 in Axes
 18284 | Lair:3   | Identified the amulet of the Fool {Spirit Str+4}
 18378 | Lair:5   | Entered Level 5 of the Lair of Beasts
 18864 | Lair:4   | Reached skill level 13 in Shields
 19517 | Lair:5   | Reached skill level 17 in Axes
 19517 | Lair:5   | Reached XP level 14. HP: 121/121 MP: 9/14
 19820 | Lair:5   | Found a viscous altar of Jiyva.
 19820 | Lair:5   | Found a staircase to the Slime Pits.
 20273 | Lair:5   | Reached skill level 14 in Shields
 20284 | Lair:5   | Reached skill level 3 in Dodging
 20324 | Lair:5   | Identified the +7 quarterstaff of the Singing Gods {freeze,
                  | Drain rC++ Will+ Int+2}
 20828 | Lair:5   | Reached skill level 4 in Dodging
 20979 | Lair:5   | Identified the +5 flail "Nompoceodgh" {heavy, rElec Will+
                  | Str+2 Int+2}
 21218 | Orc:1    | Entered Level 1 of the Orcish Mines
 21506 | Orc:1    | Received a gift from Trog
 21531 | Orc:1    | Reached skill level 11 in Fighting
 22092 | Orc:2    | Entered Level 2 of the Orcish Mines
 22141 | Orc:2    | Noticed Nessos
 22144 | Orc:2    | Nessos changed into Nessos the swamp dragon
 22144 | Orc:2    | Noticed Nessos
 22152 | Orc:2    | Killed Nessos the swamp dragon
 22317 | Orc:2    | Noticed Donald
 22340 | Orc:1    | Killed Donald
 22589 | Orc:2    | Found a staircase to the Elven Halls.
 22598 | Orc:2    | Reached skill level 5 in Dodging
 23081 | Orc:2    | Found Yluny's Jewellery Shoppe.
 23081 | Orc:2    | Found Anuxifuo's Magic Scroll Shop.
 23081 | Orc:2    | Found Fakuuvo's Antique Armour Boutique.
 23084 | Orc:2    | Found Befiti's Book Emporium.
 23098 | Orc:2    | Bought the ring of Nimiung {Drain rElec rF+ Str+6 Dex+2
                  | Stlth-} for 780 gold pieces
 23102 | Orc:2    | Bought a ring of see invisible for 240 gold pieces
 23103 | Orc:2    | Bought a scroll of teleportation for 33 gold pieces
 23103 | Orc:2    | Bought a scroll of teleportation for 33 gold pieces
 23103 | Orc:2    | Bought a scroll of teleportation for 33 gold pieces
 23103 | Orc:2    | Bought a scroll of revelation for 82 gold pieces
 23103 | Orc:2    | Bought a scroll of identify for 22 gold pieces
 23103 | Orc:2    | Bought a scroll of identify for 22 gold pieces
 23104 | Orc:2    | Identified a potion of experience
 23105 | Orc:2    | Reached skill level 18 in Axes
 23105 | Orc:2    | Reached XP level 15. HP: 130/130 MP: 15/15
 23552 | D:11     | Reached skill level 12 in Fighting
 23790 | D:11     | Received a gift from Trog
 23792 | D:11     | Reached ****** piety under Trog
 23811 | D:11     | Found a frozen archway.
 23828 | IceCv    | Entered an ice cave
 25437 | D:11     | Reached skill level 13 in Fighting
 25511 | D:11     | Found Coikhlesi's Island Escapes.
 25517 | D:11     | Bought a potion of enlightenment for 85 gold pieces
 25517 | D:11     | Bought a potion of invisibility for 136 gold pieces
 25517 | D:11     | Bought a scroll of blinking for 127 gold pieces
 26227 | D:12     | Noticed Snorg
 26242 | D:12     | Killed Snorg
 26816 | D:12     | Reached XP level 16. HP: 76/145 MP: 9/16
 26821 | D:12     | Received a gift from Trog
 27181 | D:13     | Reached skill level 14 in Fighting
 28199 | D:14     | Reached skill level 15 in Fighting
 28792 | D:14     | Reached skill level 16 in Fighting
 28837 | D:14     | Found a gate to the Vaults.
 29084 | D:14     | Found a broken altar of Ashenzari.
 29131 | D:15     | Entered Level 15 of the Dungeon
 29147 | D:15     | Found a staircase to the Depths.
 29156 | D:15     | Received a gift from Trog
 29188 | D:15     | Noticed Louise
 29197 | D:15     | Killed Louise
 29226 | D:15     | Reached skill level 17 in Fighting
 29633 | D:15     | Found a snail-covered altar of Cheibriados.
 30222 | Snake:1  | Entered Level 1 of the Snake Pit
 30223 | Snake:1  | magus.rc [v1.9.6]
 30564 | Snake:1  | Found Voivu's Jewellery Emporium.
 30844 | Snake:1  | Reached skill level 6 in Dodging
 30941 | Snake:1  | Noticed Agnes
 30961 | Snake:1  | Killed Agnes
 31412 | Snake:2  | Reached skill level 7 in Dodging
 31688 | Snake:2  | Reached skill level 8 in Dodging
 31691 | Snake:2  | HP: 38/155 [salamander/+3 trident (4)]
 32312 | Snake:2  | Reached XP level 17. HP: 162/162 MP: 17/17
 32377 | Snake:2  | Reached skill level 9 in Dodging
 32743 | Snake:3  | Received a gift from Trog
 32750 | Snake:3  | Reached skill level 10 in Dodging
 33105 | Snake:3  | Reached skill level 11 in Dodging
 33403 | Snake:3  | Found Jodaylou's Neck Hole.
 33411 | Snake:3  | Bought the scarf "Qoisaur" {repulsion, rF+ Int+3 Dex+3} for
                  | 402 gold pieces
 34071 | Snake:4  | Entered Level 4 of the Snake Pit
 34111 | Snake:4  | Reached skill level 1 in Shapeshifting
 34132 | Snake:4  | Reached skill level 2 in Shapeshifting
 34138 | Snake:4  | Noticed Aizul
 34176 | Snake:4  | Noticed Mlioglotl
 34176 | Snake:4  | Noticed Nikola
 34193 | Snake:4  | Reached skill level 3 in Shapeshifting
 34219 | Snake:4  | Killed Aizul
 34220 | Snake:4  | Reached skill level 4 in Shapeshifting
 34519 | Snake:4  | Reached skill level 5 in Shapeshifting
 34526 | Snake:4  | Received a gift from Trog
 34555 | Snake:4  | Killed Mlioglotl
 34567 | Snake:4  | Killed Nikola
 34568 | Snake:4  | Reached skill level 6 in Shapeshifting
 34838 | Snake:4  | Reached skill level 7 in Shapeshifting
 35076 | Snake:4  | Reached skill level 8 in Shapeshifting
 35279 | Snake:4  | Found Senamp's General Store.
 35288 | Snake:4  | Bought a scroll of blinking for 150 gold pieces
 35512 | Snake:4  | Got a serpentine rune of Zot
 35781 | Shoals:1 | Entered Level 1 of the Shoals
 35874 | Shoals:1 | Reached skill level 9 in Shapeshifting
 35997 | Shoals:1 | Found a runed translucent door.
 36001 | Shoals:1 | Found a corrupted altar of Lugonu.
 36001 | Shoals:1 | Found a one-way gate to the infinite horrors of the Abyss.
 36046 | Shoals:1 | Identified a scroll of acquirement
 36047 | Shoals:1 | Acquired the ring of the Hare {EV+10}
 36047 | Shoals:1 | Found the ring of the Hare {EV+10}
 36572 | Shoals:2 | Reached XP level 18. HP: 155/170 MP: 16/18
 36596 | Shoals:2 | Reached skill level 10 in Shapeshifting
 36868 | Shoals:2 | Reached skill level 15 in Shields
 36919 | Shoals:2 | Found Zalerher's One-of-a-Kind Rings.
 36928 | Shoals:2 | magus.rc [v1.9.6]
 37381 | Shoals:2 | Received a gift from Trog
 37549 | Shoals:3 | Noticed Bai Suzhen
 37560 | Shoals:3 | Killed Bai Suzhen
 37852 | Shoals:3 | Found Zyolagusm's General Store.
 37856 | Shoals:3 | Reached skill level 18 in Fighting
 37862 | Shoals:3 | Bought a potion of curing for 60 gold pieces
 37862 | Shoals:3 | Bought a potion of curing for 60 gold pieces
 37862 | Shoals:3 | Bought a potion of berserk rage for 100 gold pieces
 38235 | Shoals:4 | Entered Level 4 of the Shoals
 38276 | Shoals:4 | Identified the +6 scale mail of Ru's Generosity {rN+ Str+5
                  | Int-3}
 38412 | Shoals:4 | Reached skill level 16 in Shields
 38423 | Shoals:4 | Received a gift from Trog
 38602 | Shoals:4 | HP: 41/172 [merfolk impaler/+2 demon trident of venom (10)]
 38623 | Shoals:4 | HP: 42/172 [manticore/volley of spikes (15)]
 38970 | Shoals:4 | Reached skill level 17 in Shields
 39074 | Shoals:4 | Found an iron altar of Okawaru.
 39198 | Shoals:4 | Got a barnacled rune of Zot
 39951 | Vaults:1 | Entered Level 1 of the Vaults
 40090 | Vaults:1 | Reached skill level 12 in Dodging
 40152 | Vaults:1 | Reached XP level 19. HP: 179/179 MP: 19/19
 40438 | Vaults:1 | Reached skill level 13 in Dodging
 40465 | Vaults:1 | Found the +5 glaive of the Guard {elec, spectral}
 40485 | Vaults:1 | Received a gift from Trog
 41150 | Vaults:1 | magus.rc [v1.9.6]
 41189 | Desolati | Identified the "Ygako"
 41189 | Desolati | Identified the "Xelic"
 41189 | Desolati | Identified the "Sira Vok"
 41189 | Desolati | Identified the "Ykeff"
 41232 | Vaults:2 | Reached skill level 14 in Dodging
 41311 | Vaults:2 | Paralysed by a formless jellyfish for 1 turns
 41420 | Vaults:2 | Reached skill level 15 in Dodging
 41452 | Vaults:2 | Found Deoxon's Weapon Shoppe.
 41588 | Vaults:2 | Found a crumbling gateway.
 41685 | Desolati | Entered the Desolation of Salt
 41715 | Desolati | Received a gift from Trog
 41735 | Desolati | Identified the ring of Heily {rC+ rN+ SInv}
 41765 | Desolati | Identified the amulet of Parchoz {rElec rC+ Regen+ Dex+2
                  | Slay-2}
 41778 | Desolati | Identified the +8 short sword of the Freezing Ancients
                  | {heavy, rElec rN+}
 41861 | Desolati | Reached skill level 16 in Dodging
 41876 | Desolati | Identified the +5 scimitar of Terra Nullius {flame, rPois
                  | rC+ Int+3 Dex+3}
 42028 | Desolati | Identified the +7 flail "Mobyss" {vamp, Will+}
 42410 | Vaults:2 | Reached skill level 18 in Shields
 42418 | Vaults:2 | Reached skill level 2 in Throwing
 42501 | Vaults:2 | Reached XP level 20. HP: 187/187 MP: 20/20
 42508 | Vaults:2 | Received a gift from Trog
 42553 | Vaults:2 | Reached skill level 9 in Evocations
 42581 | Vaults:2 | Found a staircase to the Crypt.
 42871 | Vaults:2 | Reached skill level 10 in Evocations
 42991 | Vaults:3 | Noticed Saint Roka
 43026 | Vaults:3 | Killed Saint Roka
 43129 | Vaults:3 | Found a transporter.
 43149 | Vaults:3 | Reached skill level 11 in Shapeshifting
 43162 | Vaults:3 | Received a gift from Trog
 43176 | Vaults:3 | Noticed Mennas
 43185 | Vaults:3 | Noticed Xtahua
 43191 | Vaults:3 | Killed Mennas
 43203 | Vaults:3 | Reached skill level 12 in Shapeshifting
 43203 | Vaults:3 | Killed Xtahua
 43597 | Vaults:3 | Found a transporter.
 43597 | Vaults:3 | Found Quitas's Magic Scroll Shoppe.
 43716 | Vaults:3 | Reached skill level 13 in Shapeshifting
 44000 | Vaults:3 | Found a large runed translucent door.
 44001 | Vaults:3 | Found a large runed translucent door.
 44002 | Vaults:3 | Noticed inmateoo's ghost (adept MiFi)
 44010 | Vaults:3 | Received a gift from Trog
 44035 | Vaults:3 | Killed inmateoo's ghost
 44232 | Vaults:3 | Bought a scroll of brand weapon for 104 gold pieces
 44232 | Vaults:3 | Bought a scroll of teleportation for 33 gold pieces
 44431 | Vaults:4 | Reached skill level 14 in Shapeshifting
 44747 | Vaults:4 | Reached XP level 21. HP: 194/194 MP: 21/21
 44877 | Vaults:4 | Identified the +11 glaive "Fyrhig" {venom, Dex+4}
 45121 | Vaults:4 | Found Ruck's Armour Shoppe.
 45262 | Vaults:4 | Received a gift from Trog
 45858 | Vaults:5 | Identified the of Fifid
 45858 | Vaults:5 | Identified the of Volesem
 45858 | Depths:2 | Identified the "Wajaurph"
 45858 | Elf:1    | Entered Level 1 of the Elven Halls
 45859 | Elf:1    | Acquired 853 gold pieces
 45924 | Elf:1    | Found a flickering gateway to a bazaar.
 45947 | Bazaar   | Entered a bazaar
 45947 | Bazaar   | Found Paamuj's Distillery.
 45947 | Bazaar   | Found Fohaptesye's Distillery.
 45947 | Bazaar   | Found Tiugyoc's Distillery.
 45950 | Bazaar   | Bought a potion of heal wounds for 45 gold pieces
 45950 | Bazaar   | Bought a potion of heal wounds for 45 gold pieces
 45950 | Bazaar   | Bought 2 potions of might for 72 gold pieces
 45956 | Bazaar   | Bought 2 potions of heal wounds for 120 gold pieces
 45956 | Bazaar   | Bought a potion of haste for 120 gold pieces
 45956 | Bazaar   | Bought a potion of haste for 120 gold pieces
 45956 | Bazaar   | Bought a potion of haste for 120 gold pieces
 45956 | Bazaar   | Bought a potion of curing for 36 gold pieces
 45960 | Bazaar   | Bought a potion of heal wounds for 65 gold pieces
 45960 | Bazaar   | Bought 2 potions of heal wounds for 130 gold pieces
 45960 | Bazaar   | Bought a potion of haste for 130 gold pieces
 45960 | Bazaar   | Bought a potion of curing for 39 gold pieces
 45960 | Bazaar   | Bought a potion of invisibility for 104 gold pieces
 45960 | Bazaar   | Bought a potion of curing for 39 gold pieces
 45960 | Bazaar   | Bought a potion of mutation for 104 gold pieces
 45960 | Bazaar   | Gained mutation: Your magical capacity is low. (-10% MP)
                  | [potion of mutation]
 45960 | Bazaar   | Gained mutation: You occasionally lose the ability to drink
                  | potions when taking damage. [potion of mutation]
 45960 | Bazaar   | Gained mutation: You have a pair of small antennae on your
                  | head. [potion of mutation]
 45961 | Bazaar   | Lost mutation: You have a pair of small antennae on your
                  | head. [potion of mutation]
 45961 | Bazaar   | Lost mutation: Your magical capacity is low. (-10% MP)
                  | [potion of mutation]
 45961 | Bazaar   | Lost mutation: You occasionally lose the ability to drink
                  | potions when taking damage. [potion of mutation]
 45961 | Bazaar   | Gained mutation: Your magical capacity is low. (-10% MP)
                  | [potion of mutation]
 45961 | Bazaar   | Gained mutation: You are strong-willed. (Will+) [potion of
                  | mutation]
 45962 | Bazaar   | Lost mutation: Your magical capacity is low. (-10% MP)
                  | [potion of mutation]
 45962 | Bazaar   | Lost mutation: You are strong-willed. (Will+) [potion of
                  | mutation]
 45962 | Bazaar   | Gained mutation: You are frail. (-10% HP) [potion of
                  | mutation]
 45963 | Bazaar   | Lost mutation: You are frail. (-10% HP) [potion of
                  | mutation]
 45963 | Bazaar   | Gained mutation: Your muscles are strong. (Str +4, Int/Dex
                  | -1) [potion of mutation]
 45963 | Bazaar   | Gained mutation: Your spells are a little easier to cast,
                  | but a little less powerful. [potion of mutation]
 46161 | Elf:1    | Identified the +1 dagger of Embarrassment {speed, Str+2}
 46162 | Elf:1    | Identified the +8 spear "Uhenkeji" {protect, *Corrode
                  | Will+++ Int-3 Dex+2}
 46163 | Elf:1    | Identified the +2 robe of Amorality {rCorr}
 46947 | Elf:2    | Received a gift from Trog
 47376 | Elf:2    | Found a runed translucent gate.
 47376 | Elf:2    | Found a runed translucent gate.
 47376 | Elf:2    | Found a runed translucent gate.
 47380 | Elf:2    | Noticed Norris
 47455 | Elf:3    | Identified the "Qynazy"
 47455 | Elf:3    | Entered Level 3 of the Elven Halls
 47503 | Elf:3    | Reached skill level 19 in Fighting
 47615 | Elf:3    | Received a gift from Trog
 47619 | Elf:3    | Found Febyraell's Tiny Tomes.
 48020 | Elf:3    | Identified the +6 spear of Dotsigo {flame, *Corrode rPois
                  | SInv}
 48020 | Elf:3    | Identified the ring of Pyuseosa {rElec rN+ Str-4 Int+3}
 48036 | Elf:3    | Reached skill level 19 in Shields
 48057 | Elf:3    | Reached skill level 17 in Dodging
 48198 | Elf:3    | Received a gift from Trog
 48252 | Elf:3    | Identified the +6 hand axe of Destiny {speed, Str+5}
 48263 | Elf:3    | Identified the amulet "Aciyl" {rPois Regen+}
 48406 | Elf:3    | Identified the ring of Buuzxepn {Fly Str+4}
 48561 | Elf:3    | Identified a +0 crystal plate armour
 48562 | Elf:3    | P - a +0 crystal plate armour {rare=g}
 48564 | Elf:3    | You drop a +0 crystal plate armour {rare=g}.
 48573 | Elf:3    | Identified the +6 mace of the Depths {venom, Fly rN+ Dex+3
                  | Stlth+}
 48585 | Elf:3    | V - a +0 crystal plate armour {rare=g}
 48713 | Elf:3    | You drop a +0 crystal plate armour {rare=g}.
 49187 | Depths:1 | Entered Level 1 of the Depths
 49188 | Depths:1 | magus.rc [v1.9.6]
 49290 | Depths:1 | Found a transporter.
 49293 | Depths:1 | Found a transporter.
 49315 | Depths:1 | Found a gateway to Hell.
 49324 | Depths:1 | Reached XP level 22. HP: 209/209 MP: 22/22
 49344 | Depths:1 | Received a gift from Trog
 49346 | Depths:1 | Found a one-way gate leading to the halls of Pandemonium.
 49444 | Depths:1 | Reached skill level 20 in Fighting
 49476 | Depths:1 | Found Gavvin's Goods Gallery.
 49494 | Depths:1 | Found a transporter.
 49511 | Depths:1 | Found a transporter.
 49535 | Depths:1 | Found a transporter.
 49537 | Depths:1 | Found a transporter.
 49913 | Depths:2 | Reached skill level 20 in Shields
 49915 | Depths:2 | Reached skill level 18 in Dodging
 50135 | Depths:2 | Found a basalt altar of Yredelemnul.
 50328 | Depths:2 | Received a gift from Trog
 50792 | Depths:3 | Noticed a golden dragon
 50803 | Depths:3 | Identified +0 gold dragon scales
 50803 | Depths:3 | Killed a golden dragon
 50805 | Depths:3 | +0 gold dragon scales {rare}; a +0 battleaxe of freezing
                  | {axe}
 50876 | Depths:3 | Found a corrupted altar of Lugonu.
 50889 | Depths:3 | Reached skill level 19 in Dodging
 51305 | Depths:3 | You are sucked into a shaft and drop 1 floor!
 51305 | Depths:4 | Entered Level 4 of the Depths
 51425 | Depths:3 | +0 storm dragon scales {rare}; a storm dragon skeleton
 51664 | Depths:3 | Identified the ring "Ecwiat" {rC+++ rCorr Int-4 Dex+6}
 51918 | Depths:4 | Noticed a golden dragon
 51932 | Depths:4 | Killed a golden dragon
 51933 | Depths:4 | Reached skill level 20 in Dodging
 52429 | Depths:4 | Noticed a golden dragon
 52439 | Depths:4 | Received a gift from Trog
 52439 | Depths:4 | Identified +0 gold dragon scales
 52439 | Depths:4 | Killed a golden dragon
 52443 | Depths:4 | Noticed a juggernaut
 52449 | Depths:4 | Reached XP level 23. HP: 215/215 MP: 23/23
 52457 | Depths:4 | Killed a juggernaut
 52458 | Depths:4 | Reached skill level 19 in Axes
 52675 | Depths:4 | Found a gate to the Realm of Zot.
 53052 | Vaults:5 | Entered Level 5 of the Vaults
 53067 | Vaults:4 | Reached skill level 20 in Axes
 53111 | Vaults:4 | Received a gift from Trog
 53216 | Vaults:5 | You are cast into the Abyss!
 53216 | Abyss:2  | Cast into level 2 of the Abyss (a deep elf sorcerer)
 53217 | Abyss:2  | Reached skill level 15 in Shapeshifting
 53570 | Abyss:2  | Found a corrupted altar of Lugonu.
 53613 | Vaults:5 | You pass through the gate.
 53613 | Vaults:5 | Escaped the Abyss
 53767 | Vaults:4 | Received a gift from Trog
 53938 | Vaults:4 | Identified +0 gold dragon scales
 53939 | Vaults:4 | Reached skill level 16 in Shapeshifting
 54340 | Vaults:5 | Got a silver rune of Zot
 54354 | Vaults:5 | an ironbound preserver comes into view. It is wielding the
                  | +6 arbalest "Damnation" {damnation}.
 54379 | Vaults:5 | Reached skill level 17 in Shapeshifting
 54441 | Vaults:5 | Noticed an ancient lich
 54443 | Vaults:5 | Identified the +8 hand axe "Namyd" {venom, rF+ rCorr
                  | Stlth-}
 54447 | Vaults:5 | Identified the +1 hand axe of the Spinneret {pain, Fly
                  | rC+++ Int-2 SInv}
 54452 | Vaults:5 | Killed an ancient lich
 54453 | Vaults:5 | Identified the +1 hand axe of Prudence {heavy, rC+++ MP-9
                  | Dex+4} (Trog gifted it to you on level 5 of the Vaults)
 54453 | Vaults:5 | Received a gift from Trog
 54461 | Vaults:5 | Reached XP level 24. HP: 223/224 MP: 23/23
 54467 | Vaults:5 | Noticed a dread lich
 54476 | Vaults:5 | Killed a dread lich
 54494 | Vaults:5 | Identified the +2 dagger "Ekkoit" {heavy, rCorr Str+4
                  | Int+3}
 54511 | Vaults:5 | Identified +0 gold dragon scales
 54570 | Vaults:5 | Identified +0 gold dragon scales
 55192 | Vaults:5 | Reached skill level 18 in Shapeshifting
 56234 | Depths:4 | quicksilver dragon scales {rare}; a +3 great sword of
                  | flaming {long}; a +0 hand axe {axe}
 56281 | Zot:1    | Entered Level 1 of the Realm of Zot
 56298 | Zot:1    | Noticed an orb of fire
 56303 | Zot:1    | Lost mutation: Your muscles are strong. (Str +4, Int/Dex
                  | -1) [an orb of fire]
 56307 | Zot:1    | Killed an orb of fire
 56395 | Zot:1    | Reached skill level 19 in Shapeshifting
 56561 | Zot:1    | Noticed a curse toe
 56565 | Zot:1    | Killed a curse toe
 56660 | Zot:2    | Received a gift from Trog
 56685 | Zot:2    | Noticed a curse skull
 56690 | Zot:2    | Killed a curse skull
 56696 | Zot:2    | You are sucked into a shaft and drop 2 floors!
 56720 | Zot:3    | Noticed a curse toe
 56721 | Zot:3    | Identified +8 gold dragon scales
 56721 | Zot:3    | Noticed Parghit
 56733 | Zot:3    | Killed Parghit
 56735 | Zot:3    | 4 large rocks {=fthrowing}; +8 gold dragon scales {rare}
 56765 | Zot:2    | Noticed a curse skull
 56769 | Zot:2    | Killed a curse skull
 56790 | Zot:2    | Gained mutation: You sometimes lose your temper in combat.
                  | [a shining eye]
 56792 | Zot:2    | Gained mutation: You are weak. (Str -2) [a shining eye]
 56796 | Zot:2    | Gained mutation: Your magical capacity is low. (-10% MP) [a
                  | shining eye]
 56798 | Zot:2    | Gained mutation: You are vulnerable to cold. (rC-) [a
                  | shining eye]
 56799 | Zot:2    | Noticed a curse skull
 56801 | Zot:2    | Killed a curse skull
 56801 | Zot:2    | Noticed a curse toe
 56802 | Zot:2    | Reached skill level 20 in Shapeshifting
 56802 | Zot:2    | Noticed a curse toe
 56806 | Zot:2    | Noticed a curse toe
 56913 | Zot:3    | Lost mutation: You are weak. (Str -2) [potion of mutation]
 56913 | Zot:3    | Lost mutation: You are vulnerable to cold. (rC-) [potion of
                  | mutation]
 56913 | Zot:3    | Lost mutation: Your magical capacity is low. (-10% MP)
                  | [potion of mutation]
 56913 | Zot:3    | Gained mutation: You are robust. (+10% HP) [potion of
                  | mutation]
 56915 | Zot:2    | Noticed a curse toe
 56932 | Zot:3    | Killed a curse toe
 56969 | Zot:2    | HP: 57/246 [??? (35)]
 56973 | Zot:3    | Killed a curse toe
 56973 | Zot:3    | Killed a curse toe
 56976 | Zot:3    | Killed a curse toe
 57098 | Zot:2    | Lost mutation: You are robust. (+10% HP) [a shining eye]
 57098 | Zot:2    | Gained mutation: You are frail. (-10% HP) [a shining eye]
 57105 | Zot:2    | Reached skill level 11 in Evocations
 57108 | Zot:3    | Lost mutation: Your spells are a little easier to cast, but
                  | a little less powerful. [potion of mutation]
 57108 | Zot:3    | Lost mutation: You are frail. (-10% HP) [potion of
                  | mutation]
 57108 | Zot:3    | Lost mutation: You sometimes lose your temper in combat.
                  | [potion of mutation]
 57108 | Zot:3    | Gained mutation: You sometimes lose your temper in combat.
                  | [potion of mutation]
 57108 | Zot:3    | Gained mutation: You have hidden genetic defects. [potion
                  | of mutation]
 57108 | Zot:3    | Gained mutation: You have an increased reservoir of magic.
                  | (+10% MP) [potion of mutation]
 57109 | Zot:3    | Lost mutation: You have hidden genetic defects. [potion of
                  | mutation]
 57109 | Zot:3    | Lost mutation: You sometimes lose your temper in combat.
                  | [potion of mutation]
 57109 | Zot:3    | Lost mutation: You have an increased reservoir of magic.
                  | (+10% MP) [potion of mutation]
 57794 | Zot:3    | +8 gold dragon scales {rare}; 4 large rocks {=fthrowing}
 57821 | Zot:4    | Identified +0 gold dragon scales
 57822 | Zot:4    | Reached skill level 12 in Evocations
 57833 | Zot:4    | Noticed a curse toe
 57833 | Zot:4    | Noticed an electric golem
 57842 | Zot:4    | Identified +0 gold dragon scales
 57850 | Zot:4    | Killed a curse toe
 57855 | Zot:4    | Killed an electric golem
 57856 | Zot:4    | Reached skill level 13 in Evocations
 57857 | Zot:4    | a +3 long sword {long}; a +0 cloak; +0 gold dragon scales
                  | {rare}
 57868 | Zot:5    | Entered Level 5 of the Realm of Zot
 57980 | Zot:5    | Identified +0 gold dragon scales
 57981 | Zot:5    | Reached XP level 25. HP: 225/231 MP: 23/23
 58009 | Zot:5    | Noticed a curse toe
 58021 | Zot:5    | Killed a curse toe
 58021 | Zot:5    | Received a gift from Trog
 58022 | Zot:5    | Reached skill level 14 in Evocations
 58194 | Zot:5    | Noticed an ancient lich
 58204 | Zot:5    | Killed an ancient lich
 58283 | Zot:5    | Reached skill level 15 in Evocations
 58289 | Zot:5    | Identified +0 gold dragon scales
 58291 | Zot:5    | +0 gold dragon scales {rare}; a golden dragon corpse
 58299 | Zot:5    | +0 gold dragon scales {rare}; a golden dragon corpse
 58348 | Zot:5    | +0 gold dragon scales {rare}; a golden dragon corpse
 58533 | Zot:5    | Noticed an ancient lich
 58545 | Zot:5    | Killed an ancient lich
 58548 | Zot:5    | Noticed an orb of fire
 58557 | Zot:5    | Killed an orb of fire
 58602 | Zot:5    | Reached skill level 16 in Evocations
 58619 | Zot:5    | Noticed a Killer Klown
 58632 | Zot:5    | Noticed an orb of fire
 58633 | Zot:5    | Noticed a Killer Klown
 58633 | Zot:5    | Noticed an electric golem
 58635 | Zot:5    | Noticed a dread lich
 58637 | Zot:5    | Gained mutation: You are dopey. (Int -2) [an orb of fire]
 58640 | Zot:5    | Noticed an orb of fire
 58642 | Zot:5    | Killed an orb of fire
 58652 | Zot:5    | Noticed a Killer Klown
 58655 | Zot:5    | Killed a Killer Klown
 58655 | Zot:5    | Noticed an orb of fire
 58658 | Zot:5    | Gained mutation: You do not regenerate when monsters are
                  | visible. [an orb of fire]
 58680 | Zot:5    | Killed an orb of fire
 58683 | Zot:5    | Gained mutation: You are clumsy. (Dex -2) [an orb of fire]
 58691 | Zot:5    | Gained mutation: Your magical capacity is low. (-10% MP)
                  | [an orb of fire]
 58694 | Zot:5    | Gained mutation: You are very clumsy. (Dex -4) [an orb of
                  | fire]
 58696 | Zot:5    | Gained mutation: Your magical capacity is very low. (-20%
                  | MP) [an orb of fire]
 58696 | Zot:5    | HP: 55/231 [Killer Klown/+10 spectral club (20)]
 58698 | Zot:5    | Gained mutation: You are very dopey. (Int -4) [an orb of
                  | fire]
 58704 | Zot:5    | Gained mutation: Your magical capacity is extremely low.
                  | (-30% MP) [an orb of fire]
 58714 | Zot:5    | Killed an orb of fire
 58715 | Zot:5    | Reached skill level 17 in Evocations
 58727 | Zot:5    | Killed a Killer Klown
 58729 | Zot:5    | Killed a Killer Klown
 58957 | Zot:5    | Lost mutation: Your magical capacity is extremely low.
                  | (-30% MP) [potion of mutation]
 58957 | Zot:5    | Lost mutation: You are very dopey. (Int -4) [potion of
                  | mutation]
 58957 | Zot:5    | Gained mutation: You are occasionally teleported next to
                  | monsters. [potion of mutation]
 58957 | Zot:5    | Lost mutation: You are occasionally teleported next to
                  | monsters. [potion of mutation]
 58957 | Zot:5    | Gained mutation: You have hidden genetic potential. [potion
                  | of mutation]
 58991 | Zot:5    | Killed a dread lich
 59032 | Zot:5    | Noticed an orb of fire
 59038 | Zot:5    | Noticed an orb of fire
 59043 | Zot:5    | Killed an orb of fire
 59048 | Zot:5    | Gained mutation: You occasionally lose the ability to read
                  | scrolls when taking damage. [an orb of fire]
 59056 | Zot:5    | Killed an orb of fire
 59068 | Zot:5    | Identified +0 gold dragon scales
 59070 | Zot:5    | Killed an electric golem
 59071 | Zot:5    | Reached skill level 18 in Evocations
 59072 | Zot:5    | +0 gold dragon scales {rare}; a golden dragon corpse
 59072 | Zot:5    | Noticed an orb of fire
 59078 | Zot:5    | Gained mutation: You are frail. (-10% HP) [an orb of fire]
 59080 | Zot:5    | Killed an orb of fire
 59081 | Zot:5    | Noticed an electric golem
 59092 | Zot:5    | Killed an electric golem
 59173 | Zot:5    | Lost mutation: You are dopey. (Int -2) [potion of mutation]
 59173 | Zot:5    | Lost mutation: You have hidden genetic potential. [potion
                  | of mutation]
 59173 | Zot:5    | Lost mutation: You are frail. (-10% HP) [potion of
                  | mutation]
 59173 | Zot:5    | Gained mutation: You are occasionally teleported next to
                  | monsters. [potion of mutation]
 59174 | Zot:5    | Lost mutation: You are occasionally teleported next to
                  | monsters. [potion of mutation]
 59174 | Zot:5    | Lost mutation: You do not regenerate when monsters are
                  | visible. [potion of mutation]
 59174 | Zot:5    | Gained mutation: You have sharp toenails. [potion of
                  | mutation]
 59175 | Zot:5    | Lost mutation: You are very clumsy. (Dex -4) [potion of
                  | mutation]
 59175 | Zot:5    | Lost mutation: You have sharp toenails. [potion of
                  | mutation]
 59175 | Zot:5    | Lost mutation: You occasionally lose the ability to read
                  | scrolls when taking damage. [potion of mutation]
 59175 | Zot:5    | Gained mutation: You expend magic power (3 MP) to
                  | strengthen your wands. [potion of mutation]
 59280 | Zot:5    | Received a gift from Trog
 59281 | Zot:5    | Noticed an orb of fire
 59287 | Zot:5    | Gained mutation: You occasionally lose the ability to read
                  | scrolls when taking damage. [an orb of fire]
 59295 | Zot:5    | Noticed an ancient lich
 59306 | Zot:5    | Reached skill level 19 in Evocations
 59309 | Zot:5    | Killed an ancient lich
 59309 | Zot:5    | Gained mutation: You are dopey. (Int -2) [an orb of fire]
 59312 | Zot:5    | Killed an orb of fire
 59332 | Zot:5    | Noticed a dread lich
 59342 | Zot:5    | Killed a dread lich
 59405 | Zot:5    | Got the Orb of Zot
 59419 | Zot:5    | Identified +1 pearl dragon scales
 59419 | Zot:5    | Noticed a seraph
 59432 | Zot:5    | Noticed Gyppure the pandemonium lord
 59541 | Zot:4    | +0 gold dragon scales {rare}; a +0 cloak; a +3 long sword
                  | {long}
 59570 | Zot:3    | +8 gold dragon scales {rare}; 4 large rocks {=fthrowing}
 59675 | Zot:1    | Reached skill level 20 in Evocations
 59728 | Depths:4 | quicksilver dragon scales {rare}; a +3 great sword of
                  | flaming {long}; a +0 hand axe {axe}
 59798 | Depths:2 | Noticed Ekhla the pandemonium lord
 59807 | Depths:2 | Killed Ekhla the pandemonium lord
 59911 | D:13     | Gained mutation: You are vulnerable to cold. (rC-) [a
                  | cacodemon]
 59913 | D:13     | Gained mutation: You do not regenerate when monsters are
                  | visible. [a cacodemon]
 60265 | D:$      | Escaped with the Orb!

Vanquished Creatures
  3 dread liches
  8 orbs of fire
  Mennas (Vaults:3)
  4 ancient liches
  A juggernaut (Depths:4)
  Parghit (Zot:3)
  Saint Roka (Vaults:3)
  Xtahua (Vaults:3)
  Bai Suzhen (Shoals:3)
  3 Killer Klowns (Zot:5)
  7 curse toes
  13 golden dragons
  Nikola (Snake:4)
  3 bone dragons
  A Brimstone Fiend (Zot:1)
  3 electric golems
  A hellephant (Depths:2)
  2 Hell Sentinels
  2 liches (Depths:4)
  13 tentacled monstrosities
  The ghost of inmateoo the Phalangite, an adept MiFi of Okawaru (Vaults:3)
  6 quicksilver dragons
  4 titans (Vaults:4)
  Mlioglotl (Snake:4)
  25 Orb Guardians
  2 deep elf blademasters (Elf:3)
  A deep elf master archer (Elf:3)
  5 sphinxes
  An ancient champion (Vaults:2)
  A tentacled starspawn (Abyss:2)
  A pandemonium lord (Depths:2)
  Agnes (Snake:1)
  3 death cobs
  An Executioner (Abyss:2)
  3 tengu reavers
  11 storm dragons
  8 shadow dragons
  2 draconian monks
  4 nagarajas
  Donald (Orc:1)
  Aizul (Snake:4)
  10 fire giants
  9 frost giants
  5 draconian knights
  An imperial myrmidon (Desolation)
  14 vault wardens
  12 deep elf sorcerers
  2 draconian scorchers
  3 iron dragons
  Louise (D:15)
  2 deep elf elementalists (Elf:3)
  A ghost moth (Zot:5)
  A cacodemon (D:13)
  3 draconian stormcallers
  3 curse skulls (Zot:2)
  7 draconian annihilators
  5 orc warlords
  26 ironbound preservers
  3 draconian shifters
  4 formless jellyfish
  3 spriggan defenders
  16 very ugly things
  17 stone giants
  2 deep elf demonologists (Elf:3)
  3 vampire knights
  8 green draconians
  A war gargoyle (Vaults:5)
  23 dire elephants
  8 ironbound thunderhulks
  8 deep elf annihilators (Elf:3)
  16 spark wasps
  9 red draconians
  A lorocyproca (D:11)
  4 black draconians
  3 yellow draconians
  4 purple draconians
  6 white draconians
  2 halazid warlocks (Desolation)
  2 merfolk javelineers
  5 deep elf death magi (Elf:3)
  A blizzard demon (Depths:2)
  Snorg (D:12)
  An eidolon (Depths:1)
  A green death (Depths:2)
  5 crystal guardians
  9 ettins
  7 deep elf high priests
  8 fire dragons
  A great orb of eyes (shapeshifter) (Vaults:1)
  5 merfolk impalers (Shoals:4)
  14 yaktaur captains
  2 hell beasts
  6 ragged hierophants (Desolation)
  5 great orbs of eyes
  6 ice dragons
  3 salamander tyrants
  4 spriggan air magi
  35 vault guards
  4 servants of whispers (Desolation)
  A rakshasa (Depths:1)
  3 anacondas
  9 hydras
  8 ironbound frosthearts
  3 ogre magi
  3 merfolk avatars (Shoals:4)
  7 peacekeepers
  8 centaur warriors
  7 two-headed ogres
  A two-headed ogre (shapeshifter) (Vaults:1)
  5 merfolk aquamancers
  9 boulder beetles
  4 alligator snapping turtles
  A vampire mage (Depths:4)
  17 dancing weapons
  A sphinx skeleton (Vaults:2)
  3 deep troll earth magi
  12 naga warriors
  A thrashing horror (Abyss:2)
  6 spriggan berserkers
  4 deep troll shamans
  8 death yaks
  8 tengu warriors
  A hell hog (Depths:1)
  7 shock serpents
  A spectral dire elephant (Lair:5)
  8 naga sharpshooters
  7 spriggans
  5 hell knights
  7 iron trolls
  8 deep elf knights
  A wretched star (Abyss:2)
  A spectral death yak (Lair:5)
  4 skysharks
  3 salamander mystics
  8 skeletal warriors
  A spectral anaconda (Lair:5)
  8 glowing orange brains
  72 deep trolls
  3 flayed ghosts (Depths:4)
  A quicksilver dragon simulacrum (Depths:1)
  10 deep elf archers
  A swamp dragon (shapeshifter) (Vaults:5)
  15 sea snakes
  2 naga ritualists
  A swamp dragon (Orc:2)
  15 deep elf pyromancers
  2 bog bodies (IceCv)
  20 ironbound convokers
  A lindwurm (shapeshifter) (Vaults:4)
  4 wizards
  7 orc knights
  4 phantasmal warriors
  A lindwurm (Vaults:1)
  A mana viper (shapeshifter) (D:14)
  An oklob plant (Shoals:4)
  32 ugly things
  4 mana vipers
  20 deep elf zephyrmancers
  8 necromancers
  A stone giant zombie (Vaults:3)
  6 cyclopes
  A tengu skeleton (Vaults:2)
  13 harpies
  An orc sorcerer (Vaults:3)
  12 manticores
  13 moths of wrath
  5 shining eyes (Zot:2)
  15 fauns
  16 elephants
  A manticore (shapeshifter) (Vaults:5)
  A toenail golem (Zot:2)
  2 worldbinders (Abyss:2)
  An elf zombie (Vaults:3)
  21 vault sentinels
  6 naga magi
  3 apocalypse crabs (Shoals:1)
  A stone giant skeleton (Vaults:2)
  10 water nymphs
  17 black mambas
  An ice statue (IceCv)
  8 merfolk sirens
  18 salamanders
  3 gargoyles
  2 torpor snails
  A smoke demon (Abyss:2)
  5 guardian serpents
  8 cane toads
  An orange demon (D:13)
  A black mamba (shapeshifter) (Vaults:5)
  8 komodo dragons
  2 unseen horrors (D:12)
  An unseen horror (shapeshifter) (Depths:4)
  2 ice devils (D:11)
  4 kobold demonologists
  An anaconda simulacrum (IceCv)
  4 rime drakes
  2 tormentors
  3 efreet
  42 yaktaurs
  3 freezing wraiths
  A yaktaur skeleton (Vaults:3)
  23 merfolk
  3 tengu conjurers
  An ancient zyme (Abyss:2)
  7 hornets
  3 polar bears
  6 meliai
  A merfolk (shapeshifter) (D:14)
  A hellwing (Abyss:2)
  7 trolls
  A queen bee (D:12)
  6 wind drakes
  31 saltlings (Desolation)
  2 spectral elephants (Lair:5)
  A tarantella (shapeshifter) (Vaults:5)
  Prince Ribbit (D:9)
  A wind drake (shapeshifter) (Elf:1)
  6 human skeletons (Vaults:2)
  A tarantella (Lair:4)
  A dream sheep (shapeshifter) (Depths:3)
  4 dream sheep
  10 blink frogs
  15 snapping turtles
  25 slime creatures
  22 water elementals
  2 ynoxinuls
  2 dire elephant simulacra (IceCv)
  3 spriggans (shapeshifter)
  4 shadows
  A vampire (D:14)
  36 yaks
  A fire elemental (Elf:1)
  An unseen horror simulacrum (D:9)
  A basilisk (Lair:3)
  6 wyverns
  5 vampire mosquitoes
  A chaos spawn (Abyss:2)
  4 steam dragons
  9 golden eyes
  An elf skeleton (Vaults:2)
  A death yak simulacrum (IceCv)
  2 wargs
  An acid dragon (D:13)
  2 harpy simulacra (IceCv)
  2 hell hounds (Lair:4)
  22 water moccasins
  45 nagas
  3 hydra simulacra (IceCv)
  A glowing shapeshifter skeleton (Vaults:2)
  2 floating eyes (Zot:2)
  32 orc warriors
  A black bear (Lair:2)
  3 sky beasts
  2 elephant zombies (Lair:5)
  2 ice beasts
  3 ogres
  6 wolves
  11 boggarts
  10 centaurs
  3 kobold brigands
  An elephant skeleton (Lair:5)
  2 gnoll sergeants
  3 scorpions
  7 two-headed ogre simulacra (IceCv)
  15 bullfrogs
  An earth elemental (Elf:3)
  A cane toad simulacrum (IceCv)
  6 wights
  21 killer bees
  3 small abominations
  An elephant simulacrum (IceCv)
  4 electric eels
  3 howler monkeys (D:14)
  2 quasits
  3 hounds
  9 orc priests
  2 iron imps
  A gnoll bouda (D:7)
  A sleepcap (D:6)
  2 iguanas
  20 orc wizards
  7 spriggan simulacra (IceCv)
  4 troll simulacra (IceCv)
  A hell rat (Lair:3)
  2 polar bear simulacra (IceCv)
  2 wolf simulacra (IceCv)
  2 centaur simulacra (D:9)
  12 gnolls
  4 naga simulacra (IceCv)
  2 adders
  4 shadow imps
  24 white imps
  A howler monkey simulacrum (D:11)
  18 ufetubi
  5 worms (D:5)
  5 dart slugs
  79 orcs
  5 ball pythons
  6 endoplasms
  3 giant cockroaches
  7 goblins
  7 hobgoblins
  4 jackals (D:2)
  4 quokkas
  5 bats
  3 frilled lizards
  18 kobolds
  6 rats
  A lurking horror (Abyss:2)
  A starspawn tentacle (Abyss:2)
1975 creatures vanquished.

Vanquished Creatures (collateral kills)
  An orb of fire (Zot:5)
  A golden dragon (Zot:5)
  2 tentacled monstrosities
  2 nagarajas
  A black draconian (Zot:4)
  A red draconian (Zot:2)
  A yellow draconian (Zot:4)
  2 merfolk impalers (Shoals:4)
  An entropy weaver (Vaults:4)
  A salamander tyrant (Snake:3)
  An anaconda (Snake:3)
  3 two-headed ogres (Volcano)
  A naga sharpshooter (Snake:2)
  A shock serpent (Snake:3)
  A salamander mystic (Snake:4)
  2 deep trolls (Vaults:3)
  An ironbound convoker (Vaults:3)
  A mana viper (Snake:2)
  A manticore (Shoals:4)
  5 salamanders
  4 naga magi
  3 black mambas
  2 merfolk
  A snapping turtle (Shoals:4)
  5 nagas
45 creatures vanquished.

Vanquished Creatures (others)
  A draconian knight (Zot:2)
  A deep elf pyromancer (D:15)
  A deep elf zephyrmancer (Elf:3)
  A salamander (Snake:2)
  A manticore (Shoals:4)
  2 boggarts
  A centaur (D:15)
  4 starspawn tentacles (Abyss:2)
12 creatures vanquished.

Grand Total: 2032 creatures vanquished

Table legend:
 A = Non-vault XP
 B = Vault XP
 C = Vault XP percentage of total XP
 D = Non-vault monster count
 E = Vault monster count
 F = Vault count percentage of total count
                 A         B        C        D         E       F
            +---------+---------+-------+---------+---------+-------
      Total |  573732 |  678317 |  54.2 |    1083 |     930 |  46.2
            +---------+---------+-------+---------+---------+-------
        D:1 |      36 |       0 |   0.0 |      17 |       0 |   0.0
        D:2 |      33 |       0 |   0.0 |      22 |       0 |   0.0
        D:3 |      36 |       0 |   0.0 |      14 |       0 |   0.0
        D:4 |      10 |      35 |  77.8 |       4 |       1 |  20.0
        D:5 |     131 |      25 |  16.0 |       3 |       5 |  62.5
        D:6 |     805 |      12 |   1.5 |      17 |       1 |   5.6
        D:7 |    1090 |    1118 |  50.6 |      18 |       4 |  18.2
        D:8 |     138 |     709 |  83.7 |       3 |      45 |  93.8
        D:9 |    3676 |    1438 |  28.1 |      25 |      23 |  47.9
       D:10 |    1983 |       0 |   0.0 |      15 |       0 |   0.0
       D:11 |    5841 |    1855 |  24.1 |      24 |      12 |  33.3
       D:12 |    2251 |    3327 |  59.6 |       8 |      25 |  75.8
       D:13 |   10430 |       0 |   0.0 |      22 |       0 |   0.0
       D:14 |   13504 |    1616 |  10.7 |      37 |       2 |   5.1
       D:15 |    9941 |    2281 |  18.7 |      28 |       3 |   9.7
     Lair:1 |    2078 |       0 |   0.0 |      11 |       0 |   0.0
     Lair:2 |    7419 |       0 |   0.0 |      32 |       0 |   0.0
     Lair:3 |    3282 |   13329 |  80.2 |      11 |      32 |  74.4
     Lair:4 |    7751 |    1848 |  19.3 |      21 |       8 |  27.6
     Lair:5 |   12793 |   12978 |  50.4 |      32 |      24 |  42.9
   Shoals:1 |    9926 |    1408 |  12.4 |      23 |       3 |  11.5
   Shoals:2 |   17729 |       0 |   0.0 |      39 |       0 |   0.0
   Shoals:3 |    5549 |    5106 |  47.9 |      12 |       8 |  40.0
   Shoals:4 |   15327 |   21501 |  58.4 |      30 |      38 |  55.9
    Snake:1 |    9680 |    1499 |  13.4 |      17 |       1 |   5.6
    Snake:2 |   20407 |       0 |   0.0 |      44 |       0 |   0.0
    Snake:3 |   17307 |       0 |   0.0 |      34 |       0 |   0.0
    Snake:4 |   15291 |   21884 |  58.9 |      30 |      35 |  53.8
      Orc:1 |    1780 |    2432 |  57.7 |      28 |      19 |  40.4
      Orc:2 |    1563 |    4713 |  75.1 |      11 |      33 |  75.0
      Elf:1 |    5143 |   10893 |  67.9 |       8 |      19 |  70.4
      Elf:2 |    8706 |    1649 |  15.9 |      13 |       2 |  13.3
      Elf:3 |   25668 |   32726 |  56.0 |      39 |      30 |  43.5
   Vaults:1 |   24166 |   23344 |  49.1 |      33 |      26 |  44.1
   Vaults:2 |   24981 |   29705 |  54.3 |      39 |      47 |  54.7
   Vaults:3 |   32011 |   34763 |  52.1 |      51 |      41 |  44.6
   Vaults:4 |   42358 |   69654 |  62.2 |      56 |      73 |  56.6
   Vaults:5 |    9155 |   54277 |  85.6 |      18 |      48 |  72.7
   Depths:1 |   26316 |    7792 |  22.8 |      29 |       8 |  21.6
   Depths:2 |   25801 |   20166 |  43.9 |      34 |      20 |  37.0
   Depths:3 |   18524 |    9523 |  34.0 |      21 |       9 |  30.0
   Depths:4 |    3013 |   75811 |  96.2 |       5 |      74 |  93.7
      Zot:1 |   49858 |    2741 |   5.2 |      37 |       1 |   2.6
      Zot:2 |   10546 |   21907 |  67.5 |       8 |      31 |  79.5
      Zot:3 |    2433 |   18546 |  88.4 |       2 |       8 |  80.0
      Zot:4 |   22904 |       0 |   0.0 |      16 |       0 |   0.0
      Zot:5 |   34193 |  122246 |  78.1 |      23 |      51 |  68.9
    Abyss:2 |   10169 |       0 |   0.0 |      19 |       0 |   0.0
      IceCv |       0 |    4743 | 100.0 |       0 |      53 | 100.0
    Volcano |       0 |    6813 | 100.0 |       0 |       8 | 100.0
 Desolation |       0 |   31904 | 100.0 |       0 |      59 | 100.0
            +---------+---------+-------+---------+---------+-------

Skill      XL: |  1  2  3  4  5  6  7  8  9 10 11 12 13 14 15 16 17 18 19 20 21 22 23 24 25 |
---------------+----------------------------------------------------------------------------+-----
Axes           | 4 5 6 8 9 10 12 14 15 17 18 20 | 20.0
Fighting       | 4 7 9 10 11 13 17 18 19 20 | 20.0
Shields        | 8 10 11 13 14 17 18 19 20 | 20.0
Evocations     | 2 8 10 13 20 | 20.2
Dodging        | 5 8 11 12 16 17 20 | 20.0
Shapeshifting  | 9 10 14 17 20 | 20.1
Throwing       | 2 |  2.0

Action                     |  1- 3 |  4- 6 |  7- 9 | 10-12 | 13-15 | 16-18 | 19-21 | 22-24 | 25-27 || total
---------------------------+-------+-------+-------+-------+-------+-------+-------+-------+-------++-------
  Melee: War axe           |   150 |    90 |   298 |   701 |   930 |       |       |       |       ||  2169
         Tailslap          |    10 |    20 |    44 |   123 |   294 |   217 |   245 |   248 |    42 ||  1243
         Punch             |     1 |     1 |     8 |       |       |       |       |       |       ||    10
         Mace              |       |       |       |       |     6 |       |       |       |       ||     6
         Flail             |       |       |       |       |    13 |       |       |       |       ||    13
         Broad axe         |       |       |       |       |   297 |  1113 |  1136 |  1036 |   270 ||  3852
         Maw               |       |       |       |       |       |   121 |   430 |   426 |   101 ||  1078
  Throw: Dart              |       |       |     4 |    62 |    67 |       |       |       |       ||   133
         Throwing net      |       |       |     2 |     2 |       |     1 |       |       |       ||     5
 Invoke: Berserk           |       |       |     1 |     6 |     3 |     5 |     2 |     2 |     2 ||    21
         Brothers in Arms  |       |       |       |     2 |       |    11 |     2 |     5 |     3 ||    23
         Trog's Hand       |       |       |       |     1 |       |    10 |     3 |     5 |     3 ||    22
Ability: Breathe Dispellin |       |       |    28 |    19 |    15 |     4 |       |       |       ||    66
  Evoke: Wand              |       |     8 |    24 |    28 |    19 |     2 |     2 |     5 |     2 ||    90
         Tin of tremorston |       |       |       |       |       |       |       |     1 |       ||     1
         Sack of spiders   |       |       |       |       |       |       |       |       |     1 ||     1
         Phantom mirror    |       |       |       |       |       |       |       |       |     1 ||     1
    Use: Scroll            |       |     7 |     8 |     8 |    11 |    23 |     5 |    11 |     8 ||    81
         Potion            |       |       |     1 |     1 |     1 |       |     7 |     7 |    30 ||    47
   Stab: Sleeping          |     3 |     1 |     1 |       |       |       |       |       |       ||     5
         Held in net/web   |       |       |       |     1 |       |     1 |       |       |       ||     2
         Distracted        |       |       |       |       |     1 |     5 |     2 |     3 |       ||    11
         Invisible         |       |       |       |       |       |       |       |       |     2 ||     2
 Armour: Skin              |    82 |    55 |   290 |   243 |   385 |   387 |   204 |   489 |   160 ||  2295
  Dodge: Dodged            |   113 |    48 |   236 |    66 |   103 |   338 |   491 |   766 |    99 ||  2260
         Repelled          |       |       |       |       |       |    13 |    13 |    28 |    10 ||    64
  Block: Kite shield       |       |       |       |   838 |  1463 |  1766 |  1487 |  1788 |   322 ||  7664
         Reflection        |       |       |       |       |       |    44 |    13 |       |       ||    57
   Form: Maw               |       |       |       |       |       |     1 |       |       |       ||     1

Illustrated notes

Table legend:
 A = Kills in this place as a percentage of kills in the entire game.
 B = Kills by you in this place as a percentage of kills by you in the entire game.
 C = Kills by friends in this place as a percentage of kills by friends in the entire game.
 D = Other kills in this place as a percentage of other kills in the entire game.
 E = Experience gained in this place as a percentage of experience gained in the entire game.
 F = Experience gained in this place divided by the number of levels of this place that you have seen.
                   A       B       C       D       E      F
               +-------+-------+-------+-------+-------+----------------------
         Total | 100.0 | 100.0 | 100.0 | 100.0 | 100.0 | 23879.7
       Dungeon |  18.8 |  19.1 |   0.0 |  50.0 |   5.1 | 4326.1
          Lair |   8.4 |   8.7 |   0.0 |   0.0 |   4.9 | 12295.6
        Shoals |   7.6 |   7.4 |  13.3 |  12.5 |   6.0 | 19136.5
     Snake Pit |   7.9 |   6.8 |  55.6 |  12.5 |   6.8 | 21517.0
  Orcish Mines |   4.5 |   4.6 |   0.0 |   0.0 |   0.8 | 5244.0
   Elven Halls |   5.5 |   5.6 |   0.0 |  12.5 |   6.7 | 28261.7
        Vaults |  21.3 |  21.7 |   8.9 |   0.0 |  27.2 | 68882.8
        Depths |  10.2 |  10.4 |   0.0 |   0.0 |  15.1 | 47890.0
           Zot |   8.9 |   8.8 |  15.6 |  12.5 |  23.1 | 58353.2
         Abyss |   0.9 |   1.0 |   0.0 |   0.0 |   0.8 | 10169.0
      Ice Cave |   2.6 |   2.7 |   0.0 |   0.0 |   0.4 | 4743.0
       Volcano |   0.4 |   0.3 |   6.7 |   0.0 |   0.5 | 6813.0
    Desolation |   2.9 |   3.0 |   0.0 |   0.0 |   2.5 | 31904.0
               +-------+-------+-------+-------+-------+----------------------

Table legend: (Time is in decaauts)
 A = Elapsed time spent in this place.
 B = Non-inter-level travel time spent in this place.
 C = Inter-level travel time spent in this place.
 D = Time resting spent in this place.
 E = Time spent auto-exploring this place.
 F = Levels seen in this place.
 G = Mean time per level.
                   A        B        C        D        E       F      G
               +--------+--------+--------+--------+--------+-----+--------+
         Total |  60442 |  54070 |   6372 |   9619 |  31124 |  53 | 1140.4 |
       Dungeon |  19373 |  16767 |   2606 |   3107 |  10570 |  15 | 1291.5 |
        Temple |     17 |      3 |     14 |      0 |      0 |   1 |   17.0 |
          Lair |   8188 |   7311 |    877 |   1379 |   3924 |   5 | 1637.6 |
        Shoals |   4015 |   3796 |    219 |    653 |   2314 |   4 | 1003.8 |
     Snake Pit |   5370 |   5198 |    172 |   1124 |   3057 |   4 | 1342.5 |
  Orcish Mines |   2436 |   2075 |    361 |    418 |   1174 |   2 | 1218.0 |
   Elven Halls |   3160 |   2748 |    412 |    201 |   1765 |   3 | 1053.3 |
        Vaults |   7508 |   6706 |    802 |    882 |   4030 |   5 | 1501.6 |
        Depths |   4122 |   3520 |    602 |    163 |   2419 |   4 | 1030.5 |
           Zot |   3298 |   2995 |    303 |    759 |    997 |   5 |  659.6 |
         Abyss |    400 |    400 |      0 |     37 |    229 |   1 |  400.0 |
        Bazaar |     34 |     34 |      0 |     15 |      0 |   1 |   34.0 |
      Ice Cave |   1582 |   1582 |      0 |    870 |    305 |   1 | 1582.0 |
       Volcano |    305 |    305 |      0 |      8 |      0 |   1 |  305.0 |
    Desolation |    628 |    628 |      0 |      0 |    338 |   1 |  628.0 |
               +--------+--------+--------+--------+--------+-----+--------+

Top non-repeatable levels by time:
  Lair:3: 2531 daAuts
     D:8: 2348 daAuts
Vaults:4: 2191 daAuts
  Lair:5: 2188 daAuts
     D:7: 1888 daAuts
     D:9: 1832 daAuts
 Snake:3: 1604 daAuts
 Snake:1: 1603 daAuts
   IceCv: 1582 daAuts
   Zot:5: 1547 daAuts
   Orc:1: 1472 daAuts
Vaults:1: 1460 daAuts
    D:13: 1417 daAuts
Vaults:3: 1415 daAuts
 Snake:4: 1406 daAuts
